 Dungeon Crawl Stone Soup version 0.31-a0-846-gb3bcc0d938 (webtiles) character file.

Game seed: 11988069029474189162

39 wildpjah the Ducker (level 3, 0/28 HPs)
             Began as a Merfolk Gladiator on Oct 3, 2023.
             Slain by a gnoll
             ... wielding a +0 spear
              (5 damage)
             ... on level 2 of the Dungeon.
             The game lasted 00:01:21 (763 turns).

wildpjah the Ducker (Merfolk Gladiator)              Turns: 763, Time: 00:01:22

Health: 0/28       AC:  4    Str: 14    XL:     3   Next: 47%
Magic:  3/3        EV: 13    Int:  7    God:
Gold:   32         SH:  0    Dex: 17    Spells: 2/2 levels left

rFire   . . .        f - +2 short sword (speed)
rCold   . . .        (no shield)
rNeg    . . .        b - +0 leather armour
rPois   .            c - +0 helmet
rElec   .            (no cloak)
rCorr   .            (no gloves)
SInv    .            (no boots)
Will    .....        (no amulet)
Stlth   +            (no ring)
HPRegen 0.24/turn    (no ring)
MPRegen 0.08/turn

%: no passive effects
@: no status effects
A: (nimble swimmer 2), mertail
a: no special abilities


You were on level 2 of the Dungeon.
You visited 1 branch of the dungeon, and saw 2 of its levels.

You collected 32 gold pieces.

Inventory:

Hand Weapons
 a - a +0 long sword
 f - a +2 short sword of speed (weapon)
Missiles
 d - 2 throwing nets (quivered)
 e - a javelin
 g - 5 poisoned darts
Armour
 b - a +0 leather armour (worn)
 c - a +0 helmet (worn)
Scrolls
 h - a scroll of torment {unknown}
 l - 2 scrolls of brand weapon {unknown}
Potions
 i - a potion of degeneration {unknown}
 j - 2 potions of curing {unknown}
 k - a potion of brilliance {unknown}
 m - a potion of lignification {unknown}
 n - 2 potions of mutation {unknown}
 o - 2 potions of attraction {unknown}
 p - a potion of haste {unknown}


   Skills:
 * Level 2.4 Fighting
 + Level 1.6(3.2) Short Blades
 * Level 4.2(4.4) Long Blades
 + Level 2.1 Throwing
 + Level 0.2 Armour
 * Level 4.4 Dodging


You had 2 spell levels left.
You didn't know any spells.
Your spell library contained the following spells:

 Spells                   Type           Power      Damage    Failure   Level
 Sublimation of Blood     Necr           0%         N/A       65%         2
 Petrify                  Tmut/Erth      0%         N/A       99%         4
 Irradiate                Conj/Tmut      0%         3d11      100%        5


Dungeon Overview and Level Annotations

Branches:
Dungeon (2/15)

Altars:
Kikubaaqudgha


Innate Abilities, Weirdness & Mutations

((You are very nimble when in or above water. (Stealth+, EV+, Speed+++)))
Your lower body shifts to a powerful aquatic tail in water.


Message History

A gnoll comes into view. It is wielding a +0 whip.
You barely miss the gnoll. Your punch misses the gnoll.
The gnoll is moderately wounded.
The endoplasm hits you but does no damage.
The gnoll closely misses you. The gnoll barely misses you.
The endoplasm attacks as it pursues you!
The endoplasm closely misses you.
Throw: 3 throwing nets
Press: ? - help, Q - select action, (/) - cycle Shift-Dir - straight line, f - gnoll
Aim: a gnoll, wielding a +0 spear (moderately wounded, 63% to hit)
You throw a throwing net. The throwing net hits the endoplasm.
The endoplasm is caught in the net!
The endoplasm struggles against the net.
The gnoll hits you but does no damage.
The endoplasm struggles against the net.
You hit the endoplasm.
The endoplasm is lightly wounded.
The gnoll hits you from afar with a +0 spear.
* * * LOW HITPOINT WARNING * * *
The endoplasm struggles against the net.
You hit the endoplasm.
The endoplasm is heavily wounded.
The gnoll barely misses you.
You catch the helpless endoplasm completely off-guard!
You puncture the endoplasm!
You kill the endoplasm!
The gnoll hits you with a +0 spear.
* * * LOW HITPOINT WARNING * * *
You see here a throwing net.
You barely miss the gnoll.
The gnoll is lightly wounded.
The gnoll hits you with a +0 spear.
* * * LOW HITPOINT WARNING * * *
You hit the gnoll.
The gnoll is heavily wounded.
You barely miss the gnoll.
The gnoll is heavily wounded.
The gnoll hits you with a +0 spear.
You die...

#...#.#.#.#.# #..#
.........#.#.# #...
....##.#.#.#.# #..g ....
#.....#.# #.._ .## ###.###.#
#... #.#<#.# ... #.#.#.#
##.############ #...#.#
#...)..gg@....#######.####
........#########.............
.......................##.####
#####################..#..#
#..#.## ######


You could see 2 gnolls.

Vanquished Creatures
  A gnoll (D:2)
  4 ball pythons (D:1)
  2 endoplasms
  6 giant cockroaches (D:1)
  3 goblins (D:1)
  2 hobgoblins
  5 kobolds (D:1)
  2 bats (D:1)
  3 rats (D:1)
28 creatures vanquished.

Notes
Turn   | Place    | Note
-------+----------+-------------------------------------------
     0 | D:1      | wildpjah the Merfolk Gladiator began the quest for the Orb.
     0 | D:1      | Reached XP level 1. HP: 16/16 MP: 1/1
   132 | D:1      | Reached XP level 2. HP: 16/22 MP: 2/2
   559 | D:1      | Reached XP level 3. HP: 28/28 MP: 3/3
   729 | D:2      | Found an ancient bone altar of Kikubaaqudgha.
   744 | D:2      | Reached skill level 1 in Short Blades
   763 | D:2      | Slain by a gnoll

Illustrated notes

Levels and vault maps discovered:
D:1:      psy_arrival_basics, layout_basic, minmay_tall_x
D:2:      layout_basic, basic_altar, serial_co_window_serial, co_window_paths_a,
          co_window_of_opportunity_a, co_window_paths_a, co_window_paths_a,
          co_window_cross_1, co_window_paths_c, co_window_paths_c,
          co_window_corner_b, co_window_of_opportunity_c, co_window_paths_e,
          co_window_4corner_a, glass_columns_a, glass_columns_c

Skill      XL: |  1  2  3 |
---------------+----------+-----
Long Blades    | 4 |  4.2
Short Blades   | 1 |  1.6
Fighting       | |  2.4
Throwing       | |  2.1
Armour         | |  0.2
Dodging        | |  4.4

Action                     || total
---------------------------++-------
  Melee: Short sword       ||    90
         Long sword        ||     3
         Punch             ||     2
  Throw: Throwing net      ||     1
   Stab: Held in net/web   ||     1
 Armour: Leather armour    ||    42
  Dodge: Dodged            ||    54

Table legend: (Time is in decaauts)
 A = Elapsed time spent in this place.
 B = Non-inter-level travel time spent in this place.
 C = Inter-level travel time spent in this place.
 D = Time resting spent in this place.
 E = Time spent auto-exploring this place.
 F = Levels seen in this place.
 G = Mean time per level.
                   A        B        C        D        E       F      G
               +--------+--------+--------+--------+--------+-----+--------+
         Total |    725 |    710 |     15 |      0 |    529 |   2 |  362.5 |
       Dungeon |    725 |    710 |     15 |      0 |    529 |   2 |  362.5 |
               +--------+--------+--------+--------+--------+-----+--------+

Top non-repeatable levels by time:
     D:1: 631 daAuts
     D:2: 93 daAuts
